 Dungeon Sprint DCSS version 0.28-a0-932-g843f935a50 (webtiles) character file.

Game seed: 17024749630089937163

8 emperorscorpion the Magician (level 2, -8/21 HPs)
             Began as a Djinni Air Elementalist on Nov 27, 2021.
             Mangled by an iguana (9 damage)
             ... in the Dungeon (Sprint IX: "|||||||||||||||||||||||||||||").
             The game lasted 00:00:13 (66 turns).

emperorscorpion the Magician (DjAE)                   Turns: 66, Time: 00:00:14

Health: -8/21      AC:  2    Str:  7    XL:     2   Next: 15%
Gold:   0          EV: 12    Int: 16    God:
                   SH:  0    Dex: 13

rFire   + + .      SeeInvis .   (no weapon)
rCold   x . .      Faith    .   (no shield)
rNeg    . . .      Spirit   .   a - +0 robe
rPois   ∞          Reflect  .   (no helmet)
rElec   .          Harm     .   (no cloak)
rCorr   .          Rampage  .   (no gloves)
Will    .....      NoTele   +   (boots unavailable)
Stlth   ++........              (no amulet)
HPRegen 0.07/turn               (no ring)
MPRegen 0.00/turn               (no ring)

@: flying, very slightly contaminated
A: sickness immunity, fire resistance 2, cold vulnerability 1, float, innate
caster, hp casting, extra vitality 1
a: no special abilities


You were in the Dungeon.
You visited 1 branch

Inventory:

Armour
 a - a +0 robe (worn)
Scrolls
 f - a scroll of blinking
Potions
 b - a potion of curing
 c - a potion of heal wounds
 d - a potion of haste
 e - a potion of berserk rage


   Skills:
 + Level 2.7 Dodging
 + Level 1.9 Stealth
 + Level 3.6 Spellcasting


You couldn't memorise any spells.
You knew the following spells:

 Your Spells              Type           Power      Damage    Failure   Level
a - Shock                 Conj/Air       56%        1d6       4%          1
b - Static Discharge      Conj/Air       14%        N/A       6%          2
c - Swiftness             Air            14%        N/A       12%         3
d - Airstrike             Air            7%         N/A       36%         4
Your spell library was empty.

Dungeon Overview and Level Annotations

Branches:
Dungeon (1/1)

Altars:


Innate Abilities, Weirdness & Mutations

You are immune to sickness and miasma.
You are immune to poison.
Your flesh is very heat resistant. (rF++)
You are vulnerable to cold. (rC-)
You float through the air rather than walking.
You learn spells naturally, not from books.
Your magical power is your life essence.
You have superior vitality. (+4 HP)


Message History

You destroy the ball python skeleton!
The zap misses the iguana.
The zap misses the orc.
The zap hits the bat skeleton.
You destroy the bat skeleton!
The zap hits the quokka zombie.
The quokka zombie is heavily damaged.
You have reached level 2!
Casting: Shock (safe; 4% risk of failure)
Confirm with . or Enter, or press ? or * to list all spells.
Aiming: Shock (safe; 4% risk of failure)
Press: ? - help, Shift-Dir - straight line, f - iguana
Aim: an iguana (75% to hit)
The zap hits the iguana.
The iguana is moderately wounded.
The zap misses the orc.
The zap hits the quokka zombie.
You destroy the quokka zombie!
The iguana closely misses you.
Casting: Shock (safe; 4% risk of failure)
Confirm with . or Enter, or press ? or * to list all spells.
The iguana is struck by an arc of lightning.
The iguana is heavily wounded.
The lightning grounds out.
The iguana bites you.
Unknown command.
Unknown command.
Casting: Static Discharge (safe; 6% risk of failure)
Confirm with . or Enter, or press ? or * to list all spells.
You miscast Static Discharge.
You are very lightly contaminated with residual magic.
Nothing appears to happen.
The iguana bites you.
* * * LOW HITPOINT WARNING * * *
Casting: Static Discharge (safe; 6% risk of failure)
Confirm with . or Enter, or press ? or * to list all spells.
The iguana is struck by an arc of lightning.
The iguana is severely wounded.
The orc is struck by an arc of lightning.
The orc is heavily wounded.
The lightning grounds out.
* * * LOW HITPOINT WARNING * * *
The iguana bites you!
You die... ▓▓▓▓▓▓▓▓▓▓▓▓▓▓▓▓▓▓ +....ol@.†.††...<▓ ▓▓▓▓▓▓▓▓▓▓▓▓▓▓▓▓▓▓

You could see an iguana and an orc.

Vanquished Creatures
  2 bats (D)
  A bat skeleton (D)
  An endoplasm (D)
  A ball python (D)
  A ball python skeleton (D)
  A quokka zombie (D)
  A rat (D)
8 creatures vanquished.

Notes
Turn   | Place    | Note
-------+----------+-------------------------------------------
     0 | D        | emperorscorpion the Djinni Air Elementalist began the quest
                  | for the Orb.
     0 | D        | Reached XP level 1. HP: 15/15 MP: 0/0
     6 | D        | Reached skill level 3 in Spellcasting
    60 | D        | Noticed an iguana
    63 | D        | Reached XP level 2. HP: 18/21 MP: 0/0
    66 | D        | Mangled by an iguana

Illustrated notes

Levels and vault maps discovered:
D:        linesprint [early_d, line_temple, items_1, d_10, items_2, lair_1,
          lair_end, items_3, orc_1, orc_end, items_4, d_15, swamp_1, shoals_1,
          snake_1, spider_1, d_20, vaults_1, items_5, swamp_end, shoals_end,
          snake_end, spider_end, vaults_end, d_27, items_6, zot_1, zot_end,
          crypt_end, forest_end, elf_end, slime_end, tomb_end, abyss_end,
          pan_hell_end]

Skill      XL: |  1 |
---------------+----+-----
Spellcasting   | 3 |  3.6
Dodging        | |  2.7
Stealth        | |  1.9

Action                   || total
-------------------------++-------
 Cast: Shock             ||     6
       Static Discharge  ||     2
Armor: Robe              ||     1
Dodge: Dodged            ||     1

Table legend: (Time is in decaauts)
 A = Elapsed time spent in this place.
 B = Non-inter-level travel time spent in this place.
 C = Inter-level travel time spent in this place.
 D = Time resting spent in this place.
 E = Time spent auto-exploring this place.
 F = Levels seen in this place.
 G = Mean time per level.
                   A        B        C        D        E       F      G
               +--------+--------+--------+--------+--------+-----+--------+
         Total |     66 |     66 |      0 |     47 |      0 |   1 |   66.0 |
       Dungeon |     66 |     66 |      0 |     47 |      0 |   1 |   66.0 |
               +--------+--------+--------+--------+--------+-----+--------+

Top non-repeatable levels by time:
       D: 66 daAuts
